 Dungeon Crawl Stone Soup version 0.31.0-11-ge490571c62 (webtiles) character file.

Game seed: 7392275809508188476

10392 Arcadio the Fighter (level 11, -14/96 (106) HPs)
             Began as a Green Draconian Delver on Jan 30, 2024.
             Was an Elder of Zin.
             Demolished by Fannar
             ... wielding a staff of cold
              (15 damage)
             ... on level 10 of the Dungeon.
             The game lasted 00:25:56 (13746 turns).

Arcadio the Fighter (Green Draconian Delver)       Turns: 13746, Time: 00:25:58

HP:   -14/96 (106)  AC: 11    Str: 19    XL:     11   Next: 35%
MP:   9/11          EV: 16    Int: 11    God:    Zin [****..]
Gold: 35            SH: 10    Dex: 18    Spells: 10/10 levels left

rFire   . . .        u - +0 morningstar
rCold   . . .        g - +0 kite shield
rNeg    . . .        (body armour unavailable)
rPois   +            (helmet restricted)
rElec   .            j - scarf {+Inv}
rCorr   .            (no gloves)
SInv    .            (no boots)
Will    .....        (no amulet)
Stlth   +++          y - +6 ring of dexterity
HPRegen 0.36/turn    v - +4 ring of protection
MPRegen 0.12/turn

%: no passive effects
@: mighty, slowed, studying Fighting, drained, very slow
A: breathe noxious fumes, AC +7, unfitting armour, poison resistance,
cold-blooded
a: Breathe Noxious Fumes, Renounce Religion, Evoke Invisibility, Recite,
Vitalisation, Imprison, Donate Gold


You were on level 10 of the Dungeon.
You worshipped Zin.
Zin was greatly pleased with you.
You visited 3 branches of the dungeon, and saw 12 of its levels.
You also visited: Sewer and Bailey.

You collected 525 gold pieces.
You spent 438 gold pieces at shops.
You donated 52 gold pieces to Zin.

Inventory:

Hand Weapons
 a - a +0 short sword
 u - a +0 morningstar (weapon)
 K - a +2 dagger of flaming
Missiles
 e - 2 throwing nets
Armour
 g - a +0 kite shield (worn)
 j - a scarf of invisibility (worn)
Jewellery
 k - a +6 ring of intelligence
 v - a +4 ring of protection (right hand)
 y - a +6 ring of dexterity (left hand)
 F - a ring of willpower
 H - a +6 ring of dexterity
 J - a ring of willpower
Wands
 f - a wand of digging (3)
 E - a wand of light (1)
 G - a wand of charming (11)
 M - a wand of iceblast (10)
 N - a wand of flame (19)
Scrolls
 b - 6 scrolls of fog
 c - 2 scrolls of revelation
 d - 2 scrolls of fear
 h - 5 scrolls of teleportation
 i - 3 scrolls of poison
 r - a scroll of identify
 s - 3 scrolls of blinking
 x - 2 scrolls of enchant armour
 z - a scroll of amnesia
 B - a scroll of enchant weapon
 D - 3 scrolls of immolation
Potions
 m - a potion of ambrosia {unknown}
 n - a potion of resistance {unknown}
 o - a potion of curing
 p - a potion of mutation {unknown}
 q - 4 potions of attraction
 t - 2 potions of cancellation {unknown}
 w - 3 potions of heal wounds {unknown}
 A - a potion of invisibility {unknown}
 C - 2 potions of magic {unknown}
 L - a potion of brilliance {unknown}


   Skills:
 + Level 12.8 Fighting
 - Level 2.1 Short Blades
 + Level 9.6 Maces & Flails
 + Level 9.3 Dodging
 - Level 4.6 Stealth
 + Level 5.8 Shields


You had 10 spell levels left.
You didn't know any spells.
Your spell library contained the following spells:

 Spells                   Type           Power      Damage    Failure   Level
 Apportation              Tloc           0%         N/A       63%         1
 Jinxbite                 Hex            0%         N/A       77%         2
 Hailstorm                Conj/Ice       0%         3d5       94%         3
 Summon Ice Beast         Ice/Summ       0%         N/A       94%         3
 Alistair's Intoxication  Alch           0%         N/A       100%        5
 Sculpt Simulacrum        Ice/Alch       0%         N/A       100%        6


Dungeon Overview and Level Annotations

Branches:
Dungeon (10/15)            Temple (1/1) D:7            Lair (1/5) D:10
    Orc (0/2) D:9           Sewer (visited)          Bailey (visited)

Altars:
Ashenzari
Elyvilon
Fedhas
Gozag
Kikubaaqudgha
Makhleb
Nemelex Xobeh
Okawaru
Qazlal
Ru
Sif Muna
Trog
Uskayaw
Wu Jian
Xom
Zin
The Shining One

Shops:
D:5 !   D:6 *??=   D:7 :(

Annotations:
D:10 Fannar, Joseph, Maurice


Innate Abilities, Weirdness & Mutations

You can breathe blasts of noxious fumes.
Your lurid green scales are hard. (AC +7)
You cannot fit into any form of body armour.
Your system is resistant to poisons. (rPois)
You are cold-blooded and may be slowed by cold attacks.


Message History

Fannar is moderately wounded.
You block the wight's attack. You block Fannar's attack.
You impale Fannar!!
Fannar is heavily wounded.
You block the wight's attack. The wight closely misses you.
Fannar gestures wildly while chanting.
Fannar drains the heat from the surrounding environment!
You feel yourself slow down.
The wight resists.
The wight completely resists.
The wight resists.
The wight completely resists.
The wight resists.
You miss Fannar.
Fannar is heavily wounded.
You block the wight's attack. The wight closely misses you.
Fannar closely misses you. You block the wight's attack.
The wight hits you but does no damage. The wight barely misses you.
You block Fannar's attack.
You miss Fannar.
Fannar is heavily wounded.
The wight barely misses you. The wight completely misses you.
You block Fannar's attack. You block the wight's attack. x2
The wight barely misses you. Fannar hits you with a staff of cold.
Fannar freezes you!
* * * LOW HITPOINT WARNING * * *
You feel as though you will be slow longer.
The wight barely misses you. x2
The wight closely misses you.
Fannar mumbles some strange words.
Fannar drains the heat from the surrounding environment!
Zin protects you from harm!
The wight resists. x5; You block the wight's attack.
You block the wight's attack. The wight closely misses you.
The wight barely misses you. You block the wight's attack.
A wight opens the door.
The wight hits you from afar with a +2 halberd of protection!
* * * LOW HITPOINT WARNING * * *
You feel drained.
* * * LOW HITPOINT WARNING * * *
Fannar hits you with a staff of cold.
* * * LOW HITPOINT WARNING * * *
Fannar freezes you!
You die...

#####+####
.........#
........z#
.^......z###
......zez'.#
......z.@#.<#
.........#
..#
.........#
...
.........#
#..
.........# .
........#
#########


You could see Fannar and 5 wights.

Vanquished Creatures
  A two-headed ogre (D:10)
  A sixfirhy (D:8)
  A rust devil (D:8)
  A rime drake (Lair:1)
  A komodo dragon (Lair:1)
  A troll (D:9)
  A hellwing (D:9)
  Prince Ribbit (D:7)
  A hornet (D:8)
  Sigmund (D:6)
  10 yaks
  2 wyverns (D:9)
  A steam dragon (D:8)
  An acid dragon (D:8)
  4 water moccasins
  6 black bears
  A sky beast (D:7)
  10 orc warriors
  4 ice beasts
  2 ogres
  A centaur (D:7)
  7 kobold brigands
  5 bullfrogs
  2 gnoll sergeants (D:9)
  3 scorpions
  8 wights
  7 killer bees
  A howler monkey (D:5)
  A quasit (D:8)
  2 gnoll boudas
  3 hounds
  6 orc priests
  A jelly (D:5)
  4 iguanas
  5 orc wizards
  A hell rat (Sewer)
  20 gnolls
  8 adders
  3 white imps
  3 dart slugs
  46 orcs
  7 ball pythons
  9 endoplasms
  3 giant cockroaches (D:6)
  3 goblins
  10 hobgoblins
  3 jackals (D:1)
  25 kobolds
  9 quokkas
  6 bats
  3 frilled lizards
  13 rats
  A butterfly (D:7)
280 creatures vanquished.

Vanquished Creatures (others)
  An orc (Bailey)
1 creature vanquished.

Grand Total: 281 creatures vanquished

Notes
Turn   | Place    | Note
-------+----------+-------------------------------------------
     0 | D:5      | Arcadio the Draconian Delver began the quest for the Orb.
     0 | D:5      | Reached XP level 1. HP: 19/19 MP: 1/1
   340 | D:3      | Found a hide-covered altar of Uskayaw.
   386 | D:2      | Reached XP level 2. HP: 22/26 MP: 2/2
   580 | D:2      | Found a glowing silver altar of Zin.
   586 | D:2      | Became a worshipper of Zin the Law-Giver
   778 | D:2      | Reached skill level 4 in Fighting
   778 | D:2      | Reached XP level 3. HP: 33/33 MP: 3/3
  1326 | D:3      | Reached * piety under Zin
  2314 | D:2      | Reached XP level 4. HP: 40/40 MP: 4/4
  2389 | D:2      | Reached ** piety under Zin
  2740 | D:4      | Reached skill level 1 in Maces & Flails
  3103 | D:4      | Reached XP level 5. HP: 26/47 MP: 5/5
  3268 | D:4      | Reached skill level 5 in Fighting
  3988 | D:4      | Reached XP level 6. HP: 49/56 MP: 6/6
  4577 | D:5      | Found Tocwyiju's Distillery.
  4585 | D:5      | Bought a potion of berserk rage for 60 gold pieces
  4585 | D:5      | Bought a potion of might for 48 gold pieces
  4618 | D:5      | Your scales start taking on a lurid green colour.
  4618 | D:5      | Reached XP level 7. HP: 57/62 MP: 7/7
  4618 | D:5      | Gained mutation: Your system is resistant to poisons.
                  | (rPois) [Green Draconian growth]
  4657 | D:5      | Reached skill level 6 in Fighting
  4900 | D:5      | Identified the +1 robe of a Million Riding Beds {rC+ Str+4}
  5094 | D:5      | Reached skill level 5 in Dodging
  5122 | D:5      | Reached *** piety under Zin
  5325 | D:6      | Found Jorodad's Magic Scroll Shoppe.
  5329 | D:6      | Found Rodainuss's General Store.
  5336 | D:6      | Bought a scroll of identify for 28 gold pieces
  5336 | D:6      | Bought a scroll of identify for 28 gold pieces
  5374 | D:6      | Reached skill level 7 in Fighting
  5374 | D:6      | Reached XP level 8. HP: 36/73 MP: 5/8
  5377 | D:6      | Reached skill level 5 in Maces & Flails
  5512 | D:6      | Bought a scroll of identify for 22 gold pieces
  5606 | D:6      | Found Cemoaw's Jewellery Boutique.
  5647 | D:6      | Found Jieduk's Magic Scroll Emporium.
  5772 | D:6      | Found a glowing drain.
  5797 | Sewer    | Entered a sewer
  5950 | D:6      | Noticed Sigmund
  5956 | D:6      | Killed Sigmund
  5957 | D:6      | Reached skill level 8 in Fighting
  5986 | D:6      | Bought a scroll of blinking for 105 gold pieces
  6303 | D:6      | Reached XP level 9. HP: 48/82 MP: 9/9
  6958 | D:7      | Found a staircase to the Ecumenical Temple.
  6969 | Temple   | Entered the Ecumenical Temple
  7123 | D:7      | Found Vofomef's Book Shop.
  7211 | D:7      | Found an ornate altar of the Wu Jian Council.
  7259 | D:7      | Reached skill level 9 in Fighting
  7397 | D:7      | Noticed Prince Ribbit
  7431 | D:7      | Killed Prince Ribbit
  7776 | D:7      | Found Rupinee's Firing Range.
  8481 | D:7      | Reached skill level 1 in Shields
  8505 | D:8      | Found a flagged portal.
  8514 | Bailey   | Entered a bailey
  8863 | Bailey   | Reached XP level 10. HP: 59/93 MP: 10/10
  9063 | Bailey   | Noticed an orc knight
  9063 | Bailey   | Noticed an orc knight
  9270 | D:8      | Reached skill level 10 in Fighting
  9404 | D:8      | Found a burning altar of Makhleb.
  9414 | D:8      | Found a broken altar of Ashenzari.
 10789 | D:8      | Reached skill level 11 in Fighting
 10838 | D:9      | Noticed a sun demon
 10995 | D:9      | Noticed a sixfirhy
 10997 | D:9      | Noticed a rust devil
 11016 | D:8      | Killed a sixfirhy
 11561 | D:9      | Found a sparkling altar of Nemelex Xobeh.
 11759 | D:9      | Found a staircase to the Orcish Mines.
 11770 | D:9      | Noticed a sun demon
 11958 | D:9      | Reached XP level 11. HP: 75/104 MP: 11/11
 12046 | D:9      | Reached skill level 12 in Fighting
 12201 | D:9      | Reached skill level 5 in Shields
 12398 | D:8      | Reached **** piety under Zin
 12762 | D:10     | Entered Level 10 of the Dungeon
 12791 | D:10     | Found a staircase to the Lair.
 12878 | D:10     | Noticed a two-headed ogre
 12888 | D:10     | Killed a two-headed ogre
 12908 | D:10     | Noticed Maurice
 12926 | Lair:1   | Entered Level 1 of the Lair of Beasts
 13594 | D:6      | Bought a scroll of teleportation for 42 gold pieces
 13594 | D:6      | Bought a scroll of blinking for 105 gold pieces
 13725 | D:10     | Noticed Joseph
 13733 | D:10     | Something stole a +0 falchion
 13735 | D:10     | Noticed Fannar
 13744 | D:10     | Zin protects you from harm!
 13746 | D:10     | HP: 1/96 [Fannar/staff of cold (4)]
 13746 | D:10     | Demolished by Fannar

Illustrated notes

Levels and vault maps discovered:
D:1:      amcnicky_arrival_gap_in_the_tavern_cellar, layout_basic,
          nicolae_concentric_dashed_squares_mild
D:2:      layout_loops_ring, basic_altar, hex_large, minmay_distorted
D:3:      layout_loops_ring, nicolae_overflow_hidden_temple
D:4:      cheibrodos_pilgrimage, layout_layer_cave
D:5:      layout_loops_ring, serial_shops, shop, nicolae_elevator_lobby_asterisk
D:6:      layout_loops_ring, gup_sewer_entry_pipe, serial_shops, shop, shop,
          shop, nicolae_shop_advertising_works [nicolae_subvault_shop_adworks],
          uniq_sigmund
D:7:      minmay_inner_zag, layout_loops_ring, pdpol_wu_jian_five_deadly_venoms,
          minmay_temple_entry_butterflies, serial_shops, nicolae_stop_n_shop_2,
          nicolae_shop_firing_range, uniq_prince_ribbit1
D:8:      layout_cave_pools, mainiacjoe_overflow_large_starburst,
          enter_bailey_8, blue_anna_alchemist
D:9:      layout_rooms, chequers_temple_overflow_minitemple,
          nemelex_spade_bored_becter, kennysheep_orc_monster_closet_entryway,
          serial_demonic, serial_demonic_c, serial_demonic_c, serial_demonic_a,
          serial_demonic_e
D:10:     layout_roguey, nicolae_hepliaklqana_hippocampus,
          due_lair_maze_entry_diamond, uniq_fannar, uniq_maurice, uniq_joseph
Temple:   nicolae_temple_hex_pool
Lair:1:   layout_cave_pods, lemuel_fruit_fields, grunt_megastairs_3,
          serial_bayou_shore_a

Skill      XL: |  1  2  3  4  5  6  7  8  9 10 11 |
---------------+----------------------------------+-----
Dodging        | 2 3 4 5 6 7 8 9 |  9.3
Fighting       | 4 5 7 8 9 11 12 | 12.8
Maces & Flails | 1 2 3 4 6 7 9 |  9.6
Shields        | 2 4 5 |  5.8
Short Blades   | |  2.1
Stealth        | |  4.6

Action                     |  1- 3 |  4- 6 |  7- 9 | 10-12 || total
---------------------------+-------+-------+-------+-------++-------
  Melee: Short sword       |     9 |       |       |       ||     9
         Falchion          |    54 |       |       |       ||    54
         Tailslap          |    12 |    26 |    74 |    76 ||   188
         Morningstar       |    59 |   154 |   494 |   404 ||  1111
 Invoke: Recite            |       |       |     1 |       ||     1
         Vitalisation      |       |       |     1 |       ||     1
Ability: Breathe Noxious F |       |       |     2 |       ||     2
  Evoke: Wand              |       |       |     3 |     7 ||    10
    Use: Potion            |       |     1 |     3 |     3 ||     7
         Scroll            |       |       |    11 |     1 ||    12
   Stab: Sleeping          |    15 |     9 |    13 |     3 ||    40
         Distracted        |       |     1 |       |       ||     1
         Invisible         |       |       |       |     1 ||     1
 Armour: Skin              |    82 |    67 |   246 |   280 ||   675
  Dodge: Dodged            |    77 |    82 |   294 |   373 ||   826
  Block: Kite shield       |    51 |    76 |   271 |   317 ||   715
